NWL (28 & UNDER)
BISMARK BORDER GUARDS @ BALZAC RAMS
04/26/2027
 
TOP OF THE 1ST
Bismark Border Guards batting - Pitching for Balzac Rams : RHP Li-cong Sima
Pitching: RHP Li-cong Sima
Batting: RHB Enrique Mendoza 0-0: Called Strike
0-1: Swinging Strike
0-2: Ball
1-2: Ball
2-2: Ball
3-2: Ground out 6-3 (Groundball, 6)
Batting: LHB Will Hill 0-0: Ball
1-0: Ball
2-0: SINGLE (Line Drive, 34D)
Batting: RHB Trent Rasmussen 0-0: SINGLE (Line Drive, 6MD)
Will Hill to second
Batting: LHB Alan Moore 0-0: Fly out, F7 (Flyball, 7S)
Lined into DP, 7-4 (Flyball, 7S)
Top of the 1st over - 0 run(s), 2 hit(s), 0 error(s), 1 left on base; Bismark 0 - Balzac 0
BOTTOM OF THE 1ST
Balzac Rams batting - Pitching for Bismark Border Guards : RHP Ben Cobb
Pitching: RHP Ben Cobb
Batting: RHB Luis Suárez 0-0: Ball
1-0: Fly out, F8 (Flyball, 8LD)
Batting: RHB Brian Parks 0-0: Swinging Strike
0-1: Swinging Strike
0-2: Strikes out swinging
Batting: LHB Fernando Cruz 0-0: Ball
1-0: Foul Ball, location: 2F
1-1: Fly out, F7 (Flyball, 7LS)
Bottom of the 1st over - 0 run(s), 0 hit(s), 0 error(s), 0 left on base; Bismark 0 - Balzac 0
TOP OF THE 2ND
Bismark Border Guards batting - Pitching for Balzac Rams : RHP Li-cong Sima
Batting: RHB Enrique Soto 0-0: Ground out 5-3 (Groundball, 56)
Batting: RHB Reynaldo Slomp 0-0: Fly out, F8 (Flyball, 8RM)
Batting: RHB Sergio Solíz 0-0: SINGLE (Groundball, 56D)
Batting: RHB Alfredo Farías 0-0: Ball
1-0: Fly out, F6 (Line Drive, 6)
Top of the 2nd over - 0 run(s), 1 hit(s), 0 error(s), 1 left on base; Bismark 0 - Balzac 0
BOTTOM OF THE 2ND
Balzac Rams batting - Pitching for Bismark Border Guards : RHP Ben Cobb
Batting: LHB Daniel Carter 0-0: Foul Ball, location: 2F
0-1: Foul Ball, location: 2F
0-2: Strikes out swinging
Batting: RHB James Tucker 0-0: Hit by Pitch
Batting: RHB Félix Quintero 0-0: Called Strike
James Tucker steals 2nd base
0-1: Ball
1-1: Called Strike
1-2: Strikes out swinging
Batting: RHB Octávio Aldeguer 0-0: Ball
1-0: Swinging Strike
1-1: Foul Ball, location: 2F
1-2: Strikes out swinging
Bottom of the 2nd over - 0 run(s), 0 hit(s), 0 error(s), 1 left on base; Bismark 0 - Balzac 0
TOP OF THE 3RD
Bismark Border Guards batting - Pitching for Balzac Rams : RHP Li-cong Sima
Batting: RHB Rob Schmidt 0-0: SINGLE (Line Drive, 89S)
Batting: RHB Enrique Mendoza 0-0: Fly out, F7 (Flyball, 78M)
Batting: LHB Will Hill 0-0: SINGLE (Groundball, 34D)
Rob Schmidt to second
Runner from 2nd tries for 3rd, SAFE, no throw
Batting: RHB Trent Rasmussen 0-0: Called Strike
0-1: Foul Ball, location: 2F
0-2: DOUBLE (Flyball, 78D)
Rob Schmidt scores
Will Hill to third
Batting: LHB Alan Moore 0-0: Ball
1-0: Ground out U3 (Groundball, 34)
Will Hill scores
Trent Rasmussen to third
Batting: RHB Enrique Soto 0-0: Swinging Strike
0-1: Called Strike
0-2: Ball
1-2: Strikes out looking
Top of the 3rd over - 2 run(s), 3 hit(s), 0 error(s), 1 left on base; Bismark 2 - Balzac 0
BOTTOM OF THE 3RD
Balzac Rams batting - Pitching for Bismark Border Guards : RHP Ben Cobb
Batting: RHB Ricardo Muńóz 0-0: Ball
1-0: Ball
2-0: Ball
3-0: Called Strike
3-1: Fly out, F9 (Flyball, 9S)
Batting: RHB Enrique Castillo 0-0: Foul Ball, location: 2F
0-1: Ground out 6-3 (Groundball, 6S)
Batting: RHB Luis Suárez 0-0: Called Strike
0-1: Foul Ball, location: 2F
0-2: Ball
1-2: Ball
2-2: Foul Ball, location: 2F
2-2: SOLO HOME RUN (Flyball, 8RXD), Distance : 438 ft
Batting: RHB Brian Parks 0-0: Ball
1-0: Called Strike
1-1: Ball
2-1: Foul Ball, location: 2F
2-2: Strikes out swinging
Bottom of the 3rd over - 1 run(s), 1 hit(s), 0 error(s), 0 left on base; Bismark 2 - Balzac 1
TOP OF THE 4TH
Bismark Border Guards batting - Pitching for Balzac Rams : RHP Li-cong Sima
Batting: RHB Reynaldo Slomp 0-0: Called Strike
0-1: Ball
1-1: Called Strike
1-2: Strikes out swinging
Batting: RHB Sergio Solíz 0-0: Swinging Strike
0-1: Ball
1-1: Foul Ball, location: 2F
1-2: Ball
2-2: Strikes out swinging
Batting: RHB Alfredo Farías 0-0: Called Strike
0-1: Foul Ball, location: 2F
0-2: Strikes out swinging
Top of the 4th over - 0 run(s), 0 hit(s), 0 error(s), 0 left on base; Bismark 2 - Balzac 1
BOTTOM OF THE 4TH
Balzac Rams batting - Pitching for Bismark Border Guards : RHP Ben Cobb
Batting: LHB Fernando Cruz 0-0: Called Strike
0-1: Ball
1-1: SINGLE (Groundball, 4MD)
Batting: LHB Daniel Carter 0-0: Ball
1-0: SINGLE (Flyball, 7LS)
Fernando Cruz to second
Batting: RHB James Tucker 0-0: Swinging Strike
0-1: Ball
1-1: Ball
2-1: Called Strike
2-2: Foul Ball, location: 2F
2-2: Ball
3-2: Foul Ball, location: 2F
3-2: Strikes out looking
Batting: RHB Félix Quintero 0-0: Called Strike
0-1: Ball
1-1: Ball
2-1: Ball
3-1: Foul Ball, location: 2F
3-2: Foul Ball, location: 2F
3-2: Base on Balls
Fernando Cruz to third
Daniel Carter to second
Batting: RHB Octávio Aldeguer 0-0: Called Strike
0-1: Ball
1-1: Ball
2-1: Foul Ball, location: 2F
2-2: Strikes out swinging
Batting: RHB Ricardo Muńóz 0-0: Ball
1-0: Ball
2-0: Fly out, F9 (Line Drive, 9)
Bottom of the 4th over - 0 run(s), 2 hit(s), 0 error(s), 3 left on base; Bismark 2 - Balzac 1
TOP OF THE 5TH
Bismark Border Guards batting - Pitching for Balzac Rams : RHP Li-cong Sima
Batting: RHB Rob Schmidt 0-0: DOUBLE (Line Drive, 7LS)
Batting: RHB Enrique Mendoza 0-0: SINGLE (Line Drive, 6D)
Rob Schmidt to third
Runner from 3rd tries for Home, throw and OUT!
Enrique Mendoza to second
Batting: LHB Will Hill 0-0: Ball
1-0: Foul Ball, location: 2F
1-1: Fly out, F7 (Flyball, 78M)
Batting: RHB Trent Rasmussen 0-0: Called Strike
0-1: Ball
1-1: Called Strike
1-2: Foul Ball, location: 2F
1-2: Foul Ball, location: 2F
1-2: Strikes out looking
Top of the 5th over - 0 run(s), 2 hit(s), 0 error(s), 1 left on base; Bismark 2 - Balzac 1
BOTTOM OF THE 5TH
Balzac Rams batting - Pitching for Bismark Border Guards : RHP Ben Cobb
Batting: RHB Enrique Castillo 0-0: Ball
1-0: Foul Ball, location: 2F
1-1: Ball
2-1: Foul Ball, location: 2F
2-2: Fly out, F8 (Flyball, 8RM)
Batting: RHB Luis Suárez 0-0: Called Strike
0-1: Ball
1-1: Swinging Strike
1-2: Ball
2-2: Strikes out swinging
Batting: RHB Brian Parks 0-0: Ground out 6-3 (Groundball, 6)
Bottom of the 5th over - 0 run(s), 0 hit(s), 0 error(s), 0 left on base; Bismark 2 - Balzac 1
TOP OF THE 6TH
Bismark Border Guards batting - Pitching for Balzac Rams : RHP Li-cong Sima
Batting: LHB Alan Moore 0-0: Ball
1-0: Ball
2-0: Ball
3-0: Base on Balls
Pinch Runner at 1st Júlio Romano:
Batting: RHB Enrique Soto 0-0: Ball
1-0: Ball
2-0: Fly out, F5 (Line Drive, 5)
Batting: RHB Reynaldo Slomp 0-0: Ball
Júlio Romano steals 2nd base
1-0: Called Strike
1-1: Foul Ball, location: 2F
1-2: Foul Ball, location: 2F
1-2: Ball
2-2: Ground out 5-3 (Groundball, 5L)
Batting: RHB Sergio Solíz 0-0: Foul Ball, location: 2F
0-1: Called Strike
0-2: Ball
1-2: Ground out 6-3 (Groundball, 6)
Top of the 6th over - 0 run(s), 0 hit(s), 0 error(s), 1 left on base; Bismark 2 - Balzac 1
BOTTOM OF THE 6TH
Balzac Rams batting - Pitching for Bismark Border Guards : RHP Ben Cobb
Now at 3B: Júlio Romano
Batting: LHB Fernando Cruz 0-0: Ball
1-0: Foul Ball, location: 2F
1-1: Ball
2-1: Ball
3-1: Swinging Strike
3-2: Strikes out looking
Batting: LHB Daniel Carter 0-0: Ball
1-0: Called Strike
1-1: Foul Ball, location: 2F
1-2: Foul Ball, location: 2F
1-2: Fly out, F6 (Popup, 5D)
Batting: RHB James Tucker 0-0: Fly out, F9 (Flyball, 9S)
Bottom of the 6th over - 0 run(s), 0 hit(s), 0 error(s), 0 left on base; Bismark 2 - Balzac 1
TOP OF THE 7TH
Bismark Border Guards batting - Pitching for Balzac Rams : RHP Li-cong Sima
Batting: RHB Alfredo Farías 0-0: Ball
1-0: Called Strike
1-1: Foul Ball, location: 2F
1-2: Ball
2-2: Ball
3-2: Strikes out swinging
Batting: RHB Rob Schmidt 0-0: Ball
1-0: Called Strike
1-1: Ball
2-1: Called Strike
2-2: Strikes out swinging
Batting: RHB Enrique Mendoza 0-0: Called Strike
0-1: Foul Ball, location: 2F
0-2: Ball
1-2: Ball
2-2: Ground out 6-3 (Groundball, 6)
Top of the 7th over - 0 run(s), 0 hit(s), 0 error(s), 0 left on base; Bismark 2 - Balzac 1
BOTTOM OF THE 7TH
Balzac Rams batting - Pitching for Bismark Border Guards : RHP Ben Cobb
Pitching: RHP Ramón Fonseca
Batting: RHB Félix Quintero 0-0: Foul Ball, location: 2F
0-1: Swinging Strike
0-2: Strikes out looking
Batting: RHB Octávio Aldeguer 0-0: Ground out 6-3 (Groundball, 6)
Batting: RHB Ricardo Muńóz 0-0: Called Strike
0-1: Foul Ball, location: 2F
0-2: Ball
1-2: Ball
2-2: Ball
3-2: Foul Ball, location: 2F
3-2: Fly out, F7 (Line Drive, 7D)
Bottom of the 7th over - 0 run(s), 0 hit(s), 0 error(s), 0 left on base; Bismark 2 - Balzac 1
TOP OF THE 8TH
Bismark Border Guards batting - Pitching for Balzac Rams : RHP Li-cong Sima
Batting: LHB Will Hill 0-0: Ball
1-0: Called Strike
1-1: Foul Ball, location: 2F
1-2: Strikes out swinging
Batting: RHB Trent Rasmussen 0-0: Ball
1-0: Called Strike
1-1: Ball
2-1: Fly out, F9 (Flyball, 9LMF)
Batting: SHB Júlio Romano 0-0: Ball
1-0: Swinging Strike
1-1: Ground out 4-3 (Groundball, 34)
Top of the 8th over - 0 run(s), 0 hit(s), 0 error(s), 0 left on base; Bismark 2 - Balzac 1
BOTTOM OF THE 8TH
Balzac Rams batting - Pitching for Bismark Border Guards : RHP Ramón Fonseca
Now at C: António Martínez
Now at 3B: Pedro Rodríguez
Batting: RHB Enrique Castillo 0-0: Called Strike
0-1: Ball
1-1: Ball
2-1: Called Strike
2-2: Strikes out looking
Batting: RHB Luis Suárez 0-0: Fly out, F8 (Flyball, 8LM)
Batting: RHB Brian Parks 0-0: Called Strike
0-1: Foul Ball, location: 2F
0-2: Strikes out looking
Bottom of the 8th over - 0 run(s), 0 hit(s), 0 error(s), 0 left on base; Bismark 2 - Balzac 1
TOP OF THE 9TH
Bismark Border Guards batting - Pitching for Balzac Rams : RHP Li-cong Sima
Pitching: RHP John Dickson
Batting: RHB Enrique Soto 0-0: Ball
1-0: Ball
2-0: Called Strike
2-1: Ball
3-1: Ground out 6-3 (Groundball, 56)
Batting: RHB Reynaldo Slomp 0-0: Called Strike
0-1: Foul Ball, location: 2F
0-2: SINGLE (Groundball, 34D)
Pinch Hitting: LHB Norbert Mosley 0-0: Ball
1-0: Ball
2-0: Ball
3-0: Called Strike
3-1: Called Strike
3-2: Foul Ball, location: 2F
3-2: Strikes out swinging
Pinch Hitting: RHB Jacob Hill 0-0: Foul Ball, location: 2F
0-1: Ball
1-1: Foul Ball, location: 2F
1-2: Ball
2-2: Ball
3-2: Foul Ball, location: 2F
3-2: Foul Ball, location: 2F
3-2: Strikes out swinging
Top of the 9th over - 0 run(s), 1 hit(s), 0 error(s), 1 left on base; Bismark 2 - Balzac 1
BOTTOM OF THE 9TH
Balzac Rams batting - Pitching for Bismark Border Guards : RHP Ramón Fonseca
Pitching: RHP Jim Thompson
Now at 1B: Jacob Hill
Now in CF: Norbert Mosley
Batting: LHB Fernando Cruz 0-0: Called Strike
0-1: Ball
1-1: Ball
2-1: Ball
3-1: Ground out 1-3 (Groundball, P)
Batting: LHB Daniel Carter 0-0: Called Strike
0-1: Swinging Strike
0-2: Ball
1-2: Ball
2-2: Strikes out swinging
Batting: RHB James Tucker 0-0: Ball
1-0: Foul Ball, location: 2F
1-1: Ground out 2-3 (Groundball, 2L)
Bottom of the 9th over - 0 run(s), 0 hit(s), 0 error(s), 0 left on base; Bismark 2 - Balzac 1
Thursday, March 30th, 2017 - OOTP Baseball 17.12 Build 75